 Dungeon Crawl Stone Soup version 0.23.2-33-g5129a83184 (webtiles) character file.

Game seed: 2650965107726781774

1152 H0rd4k the Cutter (level 8, 0/60 HPs)
             Began as a Human Artificer on Aug 1, 2019.
             Was an Initiate of Gozag.
             Succumbed to an orc wizard's poison
             ... on level 6 of the Dungeon.
             The game lasted 00:14:18 (8635 turns).

H0rd4k the Cutter (Human Artificer)                 Turns: 8635, Time: 00:14:18

Health: 0/60       AC:  4    Str: 20    XL:     8   Next: 65%
Magic:  11/11      EV: 14    Int: 12    God:    Gozag
Gold:   605        SH:  0    Dex: 13    Spells: 7/7 levels left

rFire    . . .     SeeInvis .   a - +0 short sword
rCold    . . .     Gourm    .   (no shield)
rNeg     . . .     Faith    .   s - +0 robe (curse)
rPois    .         Spirit   .   (no helmet)
rElec    .         Reflect  .   (no cloak)
rCorr    .         Harm     .   y - +1 pair of gloves
MR       .....                  (no boots)
Stlth    ++........             (no amulet)
HPRegen  0.20/turn              (no ring)
MPRegen  0.12/turn              (no ring)

@: mighty, lethally poisoned (0 -> -33), berserk cooldown, slowed, very slow
A: no striking features
a: Potion Petition, Call Merchant, Bribe Branch, Renounce Religion


You were on level 6 of the Dungeon.
You worshipped Gozag.
Gozag was pleased with you.
You were very hungry.

You visited 2 branches of the dungeon, and saw 7 of its levels.

You collected 703 gold pieces.
You paid 98 gold pieces to Gozag.

Inventory:

Hand Weapons
 a - a +0 short sword (weapon)
Missiles
 p - 29 poisoned needles
 u - 3 tomahawks (quivered)
Armour
 b - a +0 leather armour
 s - a cursed +0 robe (worn)
 y - a +1 pair of gloves (worn)
 C - a +0 leather armour of positive energy
Jewellery
 x - a +5 ring of strength
 A - a +4 ring of strength
Scrolls
 h - 9 scrolls of identify
 l - a scroll of fear {unknown}
 n - 3 scrolls of amnesia {unknown}
 o - 2 scrolls of remove curse {unknown}
 r - 2 scrolls of teleportation
 v - a scroll of blinking {unknown}
 w - a scroll of enchant weapon {unknown}
 z - a scroll of vulnerability {unknown}
Potions
 e - a potion of cancellation {unknown}
 i - 3 potions of curing {unknown}
 j - a potion of ambrosia {unknown}
 k - a potion of haste {unknown}
 m - a potion of might
 q - a potion of degeneration {unknown}
 t - a potion of flight {unknown}
 B - a potion of mutation {unknown}
Comestibles
 f - 10 rations


   Skills:
 + Level 4.1 Fighting
 + Level 5.7 Short Blades
 + Level 1.0 Throwing
 + Level 1.6 Armour
 + Level 4.6 Dodging
 + Level 3.2 Stealth
   Level 4.3 Evocations


You had 7 spell levels left.
You didn't know any spells.
Your spell library contained the following spells:

 Spells                   Type           Power        Failure   Level  Hunger
 Animate Skeleton         Necr           N/A          32%         1    ##.....
 Apportation              Tloc           #.....       32%         1    ##.....
 Confusing Touch          Hex            #.....       32%         1    ##.....
 Summon Small Mammal      Summ           #...         32%         1    ##.....


Dungeon Overview and Level Annotations

Branches:
Dungeon (6/15)             Temple (1/1) D:5

Altars:
Ashenzari
Cheibriados
Dithmenos
Elyvilon
Fedhas
Gozag
Hepliaklqana
Kikubaaqudgha
Makhleb
Nemelex Xobeh
Okawaru
Qazlal
Ru
Sif Muna
Trog
Uskayaw
Vehumet
Wu Jian
Xom
Yredelemnul
Zin
The Shining One

Annotations:
D:1 !orc warrior
D:2 1 runed translucent door, Crazy Yiuf
D:3 exclusions: downstairs and 2 phantoms
D:4 Dowan, Duvessa
D:5 Prince Ribbit
D:6 exclusion: ugly thing


Message History

You feel very sick.
The orc wizard hits you with a +3 dagger of venom.
* * * LOW HITPOINT WARNING * * *
You hit the orc wizard but do no damage.
The orc wizard is almost dead.
* * * LOW HITPOINT WARNING * * *
You feel very sick.
The orc wizard casts a spell.
The orc wizard seems to speed up.
It was a potion of might.
You feel very mighty all of a sudden.
* * * LOW HITPOINT WARNING * * *
You feel very sick. The orc wizard barely misses you.
The orc wizard completely misses you.
The orc wizard gestures wildly while chanting.
The orc wizard flickers and vanishes!
Deactivating autopickup; reactivate with Ctrl-A.
You barely miss something.
You die...
Your body crumbles into a pile of gold.

...##'####..........+
'####$.# ######.....#
....#...# #.....#
....#...# #.....#
....+...# #.....#
....#...# #.....#
....#...# #.....#
....##+## #.....###
..... $ #.@{$.((#
#+##. #.......'( $
#.......#. +.......#
#.......# #########


There were no monsters in sight!

Vanquished Creatures
  A water moccasin (D:6)
  2 ogres (D:5)
  A necrophage (D:5)
  2 hounds
  A crimson imp (D:5)
  A howler monkey (D:5)
  A centaur zombie (D:6)
  A jelly (D:2)
  3 orc wizards
  An orc priest (D:4)
  Jessica (D:3)
  2 bullfrog skeletons
  3 worker ants
  7 adders
  2 shadow imps (D:5)
  An adder zombie (D:6)
  An adder skeleton (D:6)
  A worm (D:2)
  2 dart slugs (D:1)
  7 leopard geckos
  21 orcs
  7 giant cockroaches
  11 hobgoblins
  12 jackals
  6 kobolds
  A quokka (D:2)
  4 bats
  6 frilled lizards
  4 goblins
  A leopard gecko skeleton (D:6)
  5 rats
119 creatures vanquished.

Vanquished Creatures (collateral kills)
  A centaur (D:5)
  A scorpion (D:5)
  A howler monkey (D:6)
  An orc priest (D:5)
  A worker ant (D:6)
  An adder zombie (D:5)
  2 orcs (D:5)
8 creatures vanquished.

Vanquished Creatures (others)
  A hound (D:6)
  2 orcs (D:5)
  A jackal (D:5)
4 creatures vanquished.

Grand Total: 131 creatures vanquished

Notes
Turn   | Place    | Note
-------+----------+-------------------------------------------
     0 | D:1      | H0rd4k the Human Artificer began the quest for the Orb.
     0 | D:1      | Reached XP level 1. HP: 15/15 MP: 3/3
   204 | D:1      | Reached XP level 2. HP: 10/21 MP: 4/4
   720 | D:1      | Reached XP level 3. HP: 24/26 MP: 5/5
  1389 | D:2      | Reached XP level 4. HP: 27/33 MP: 6/6
  1485 | D:2      | Noticed an orc warrior
  1627 | D:2      | Reached skill level 2 in Short Blades
  1627 | D:2      | Reached skill level 1 in Armour
  1627 | D:2      | Reached XP level 5. HP: 17/38 MP: 7/7
  2429 | D:2      | Found a faded altar of an unknown god.
  2592 | D:2      | Found a runed translucent door.
  2593 | D:2      | Noticed Crazy Yiuf
  2981 | D:3      | Found a shimmering altar of Xom.
  3100 | D:3      | Noticed Jessica
  3108 | D:4      | Noticed a phantom
  3135 | D:3      | Killed Jessica
  3135 | D:3      | Reached XP level 6. HP: 44/44 MP: 8/8
  3220 | D:3      | Reached skill level 3 in Short Blades
  3656 | D:4      | Noticed a phantom
  4829 | D:4      | Reached XP level 7. HP: 17/52 MP: 9/9
  5065 | D:4      | Noticed Duvessa
  5065 | D:4      | Noticed Dowan
  5169 | D:5      | Entered Level 5 of the Dungeon
  5424 | D:5      | Found a staircase to the Ecumenical Temple.
  5429 | Temple   | Entered the Ecumenical Temple
  5439 | Temple   | Became a worshipper of Gozag Ym Sagoz the Greedy
  6405 | D:6      | Reached skill level 4 in Short Blades
  6733 | D:6      | Noticed a purple ugly thing
  6971 | D:6      | Noticed an eight-headed hydra
  7060 | D:5      | Reached XP level 8. HP: 39/58 MP: 11/11
  7413 | D:5      | Reached skill level 5 in Short Blades
  8334 | D:5      | Noticed Prince Ribbit
  8604 | D:6      | Reached skill level 1 in Throwing
  8634 | D:6      | HP: 3/60 [poisoned by an orc wizard]
  8635 | D:6      | Succumbed to an orc wizard's poison

Skill      XL: |  1  2  3  4  5  6  7  8 |
---------------+-------------------------+-----
Short Blades   | 2 3 4 5 |  5.7
Armour         | 1 |  1.6
Fighting       | 2 3 4 |  4.1
Dodging        | 3 4 |  4.6
Stealth        | 2 3 |  3.2
Evocations     | 4 |  4.3
Throwing       | 1 |  1.0

Action                   |  1- 3 |  4- 6 |  7- 9 || total
-------------------------+-------+-------+-------++-------
Melee: Short sword       |   112 |   222 |   362 ||   696
Throw: Tomahawk          |       |       |    12 ||    12
Evoke: Wand              |     6 |    24 |    15 ||    45
  Use: Potion            |       |     1 |     5 ||     6
       Scroll            |       |       |     3 ||     3
 Stab: Sleeping          |     1 |     5 |     2 ||     8
       Distracted        |       |       |     1 ||     1
  Eat: Chunk             |     1 |     8 |     1 ||    10
       Ration            |       |     1 |     3 ||     4
Armor: Leather armour    |    36 |    11 |       ||    47
       Robe              |       |    15 |    52 ||    67
Dodge: Dodged            |    97 |   138 |   216 ||   451
